 Dungeon Crawl Stone Soup version 0.28-b1-25-g9875b3fc8c (webtiles) character file.

Game seed: 4630390284032359711

52 pkoi the Covered (level 3, 0/30 HPs)
             Began as a Minotaur Artificer on Feb 1, 2022.
             Slain by an orc (1 damage)
             ... on level 1 of the Dungeon.
             The game lasted 00:01:31 (1767 turns).

pkoi the Covered (Minotaur Artificer)               Turns: 1767, Time: 00:01:31

Health: 0/30       AC:  5    Str: 16    XL:     3   Next: 60%
Magic:  2/2        EV: 11    Int:  8    God:
Gold:   49         SH:  0    Dex: 12    Spells: 2/2 levels left

rFire   . . .      SeeInvis .   a - +0 club
rCold   . . .      Faith    .   (no shield)
rNeg    + . .      Spirit   .   b - +0 leather armour
rPois   .          Reflect  .   (helmet restricted)
rElec   .          Harm     .   o - +1 cloak
rCorr   .          Rampage  .   (no gloves)
Will    .....                   (no boots)
Stlth   +.........              (no amulet)
HPRegen 0.10/turn               p - ring of positive energy
MPRegen 0.08/turn               (no ring)

@: no status effects
A: horns 2, retaliatory headbutt
a: no special abilities


You were on level 1 of the Dungeon.
You visited 1 branch of the dungeon, and saw 2 of its levels.

You collected 49 gold pieces.

Inventory:

Hand Weapons
 a - a +0 club (weapon)
Missiles
 j - 3 poisoned darts
Armour
 b - a +0 leather armour (worn)
 g - a scarf of shadows
 o - a +1 cloak (worn)
Jewellery
 p - a ring of positive energy (left hand)
Wands
 c - a wand of flame (15) (quivered)
 d - a wand of charming (15)
Scrolls
 f - 2 scrolls of identify {unknown}
 h - a scroll of holy word {unknown}
 l - a scroll of teleportation {unknown}
 m - a scroll of amnesia {unknown}
 n - a scroll of fog {unknown}
 q - a scroll of enchant armour {unknown}
Potions
 i - a potion of resistance {unknown}
 k - a potion of attraction {unknown}
Miscellaneous
 e - a piece from Xom's chessboard (15/15)


   Skills:
 + Level 2.6 Fighting
 + Level 3.4 Armour
 - Level 1.1 Dodging
 - Level 0.7 Stealth
 + Level 3.2 Evocations


You had 2 spell levels left.
You didn't know any spells.
Your spell library contained the following spells:

 Spells                   Type           Power      Damage    Failure   Level
 Animate Skeleton         Necr           0%         N/A       45%         1
 Apportation              Tloc           0%         N/A       45%         1
 Sandblast                Erth           0%         2d4       45%         1
 Summon Small Mammal      Summ           0%         N/A       45%         1
 Passwall                 Tmut/Erth      0%         N/A       61%         2
 Call Canine Familiar     Summ           0%         N/A       83%         3
 Conjure Flame            Conj/Fire      0%         6-21      83%         3
 Ignite Poison            Fire/Tmut/Pois 0%         N/A       83%         3
 Portal Projectile        Hex/Tloc       0%         N/A       83%         3
 Stone Arrow              Conj/Erth      0%         3d7       83%         3
 Summon Guardian Golem    Hex/Summ       0%         N/A       83%         3
 Anguish                  Hex/Necr       0%         N/A       99%         4
 Leda's Liquefaction      Hex/Erth       0%         N/A       99%         4
 Sticky Flame             Conj/Fire      0%         2d3       99%         4
 Fire Storm               Conj/Fire      0%         5d1       100%        9


Dungeon Overview and Level Annotations

Branches:
Dungeon (2/15)

Altars:


Innate Abilities, Weirdness & Mutations

You have a pair of horns on your head.
You reflexively headbutt those who attack you in melee.


Message History

The endoplasm is severely wounded.
The endoplasm freezes you.
You are frozen.
The endoplasm freezes you.
You are frozen.
You hit the endoplasm. You headbutt the endoplasm.
You kill the endoplasm!
You hit the orc.
The orc is severely wounded.
The orc misses you.
You hit the orc but do no damage. You headbutt the orc.
The orc is severely wounded.
The orc hits you but does no damage.
You closely miss the orc. The orc hits you with a +0 flail.
You are too injured to fight recklessly!
You are too injured to fight recklessly!
You are too injured to fight recklessly!
You are too injured to fight recklessly!
You are too injured to fight recklessly!
Unknown command.
There is a stone staircase leading up here.
You climb upwards.
There is a stone staircase leading down here.
You hit the orc but do no damage. The orc completely misses you.
You furiously retaliate!
You headbutt the orc, but do no damage. The orc misses you.
You furiously retaliate!
You headbutt the orc, but do no damage. You closely miss the orc.
The orc hits you but does no damage.
You hit the orc.
The orc is heavily wounded.
The orc hits you with a +0 flail!
* * * LOW HITPOINT WARNING * * *
You closely miss the orc.
The orc is heavily wounded.
The orc barely misses you. The orc hits you with a +0 flail.
* * * LOW HITPOINT WARNING * * *
You completely miss the orc.
The orc is heavily wounded.
The orc hits you with a +0 flail.
You die...

####################....##.#
#. #.##...#.#..#####.
#.##....##........
#.###..#.#.#######
#.##....##.# #.#.....##.#
#.##.....#.# #o##.....#.#
#@##.###...# #....# ###.#
#.##.## #.# #.#...# #.#
##### ###.#...####.#
....##########............##
...........................#
.##.########...........###.#
.##.# ##.#.#.#...### #.#


You could see an orc.

Vanquished Creatures
  A gnoll (D:1)
  A worm (D:2)
  A dart slug (D:1)
  2 ball pythons
  7 endoplasms
  A giant cockroach (D:1)
  2 goblins (D:1)
  4 hobgoblins
  A kobold (D:1)
  2 quokkas
  8 bats
  3 rats (D:1)
33 creatures vanquished.

Notes
Turn   | Place    | Note
-------+----------+-------------------------------------------
     0 | D:1      | pkoi the Minotaur Artificer began the quest for the Orb.
     0 | D:1      | Reached XP level 1. HP: 16/16 MP: 0/0
   163 | D:1      | Reached XP level 2. HP: 20/24 MP: 1/1
   360 | D:1      | Got Sif Muna's Catalogue of Fire and Beguiling
   458 | D:1      | Reached XP level 3. HP: 25/29 MP: 2/2
  1766 | D:1      | HP: 1/30 [orc (6)]
  1767 | D:1      | Slain by an orc

Illustrated notes

Levels and vault maps discovered:
D:1:      minmay_arrival_jagged, layout_loops_ring
D:2:      kennysheep_six_static_rooms, layout_basic, serial_bayou_lake_a

Skill      XL: |  1  2 |
---------------+-------+-----
Fighting       | 2 |  2.6
Armour         | 3 |  3.4
Evocations     | 3 |  3.2
Dodging        | |  1.1
Stealth        | |  0.7

Action                   || total
-------------------------++-------
Melee: Club              ||    78
       Headbutt          ||    15
Armor: Leather armour    ||    22
Dodge: Dodged            ||    57
